 Dungeon Crawl Stone Soup version 0.31-a0-986-g5e6e4ef867 (webtiles) character file.

Game seed: 3182250647033432315

12482 pokeman the Eclecticist (level 11, 0/64 HPs)
             Began as a Deep Elf Hedge Wizard on Nov 22, 2023.
             Was an Initiate of Vehumet.
             Slain by a centaur warrior zombie (1 damage)
             ... on level 11 of the Dungeon.
             The game lasted 00:29:31 (12159 turns).

pokeman the Eclecticist (Deep Elf Hedge Wizard)    Turns: 12159, Time: 00:29:31

Health: 0/64       AC:  7    Str:  7    XL:     11   Next: 63%
Magic:  25/33      EV: 13    Int: 24    God:    Vehumet [......]
Gold:   444        SH:  0    Dex: 14    Spells: 30/43 levels left

rFire   + . .        H - +6 shillelagh "Devastator" {shatter}
rCold   + . .        (no shield)
rNeg    + . .        I - +2 robe {rC+ rF+}
rPois   .            l - +0 helmet
rElec   .            (no cloak)
rCorr   +            u - +0 pair of gloves
SInv    .            M - +0 pair of boots
Will    +....        (no amulet)
Stlth   ++           r - ring of positive energy
HPRegen 0.30/turn    y - ring of resist corrosion
MPRegen 0.23/turn

%: no passive effects
@: on blink cooldown, very slightly contaminated
A: no striking features
a: Renounce Religion


You were on level 11 of the Dungeon.
You worshipped Vehumet.
Vehumet was noncommittal.
You visited 2 branches of the dungeon, and saw 12 of its levels.

You collected 799 gold pieces.
You spent 355 gold pieces at shops.

Inventory:

Hand Weapons
 w - a +6 vampiric dagger
 B - a +2 dagger of venom
 H - the +6 shillelagh "Devastator" (weapon) {shatter}
   (You found it on level 9 of the Dungeon)
Armour
 l - a +0 helmet (worn)
 u - a +0 pair of gloves (worn)
 A - +0 steam dragon scales
 I - a +2 robe of resistance (worn)
 K - a +0 buckler
 M - a +0 pair of boots (worn)
Jewellery
 r - a ring of positive energy (left hand)
 y - a ring of resist corrosion (right hand)
Wands
 e - a wand of digging (1)
 o - a wand of flame (21)
 v - a wand of iceblast (12)
Scrolls
 a - a scroll of immolation {unknown}
 i - 15 scrolls of identify
 j - 2 scrolls of amnesia {unknown}
 n - 6 scrolls of teleportation
 p - a scroll of poison {unknown}
 t - 2 scrolls of blinking
 x - a scroll of silence {unknown}
 z - a scroll of torment {unknown}
 C - 3 scrolls of brand weapon {unknown}
 E - a scroll of butterflies {unknown}
 G - a scroll of noise
 J - 2 scrolls of enchant weapon {unknown}
 L - a scroll of fear {unknown}
Potions
 b - 7 potions of curing
 c - a potion of resistance {unknown}
 d - 2 potions of magic
 f - 3 potions of heal wounds {unknown}
 g - 4 potions of enlightenment {unknown}
 h - a potion of ambrosia {unknown}
 k - a potion of degeneration {unknown}
 m - 2 potions of haste {unknown}
 q - 4 potions of attraction {unknown}
 s - 4 potions of mutation {unknown}
 D - a potion of brilliance {unknown}
 F - 2 potions of berserk rage {unknown}


   Skills:
 + Level 6.0 Fighting
 - Level 4.0 Armour
 - Level 3.0 Dodging
 - Level 3.0 Stealth
 * Level 16.7 Spellcasting
 + Level 11.0 Conjurations
 - Level 1.1 Summonings
 - Level 1.1 Translocations
 - Level 1.0 Transmutations
 - Level 1.0 Air Magic
 - Level 1.0 Poison Magic
 - Level 1.0 Evocations


You had 30 spell levels left.
You knew the following spells:

 Your Spells              Type           Power      Damage    Failure   Level
a - Magic Dart            Conj           100%       1d8       1%          1
b - Mephitic Cloud        Conj/Pois/Air  41%        N/A       1%          3
c - Call Imp              Summ           50%        N/A       2%          2
d - Blink                 Tloc           50%        N/A       2%          2
e - Irradiate             Conj/Tmut      24%        3d19      6%          5

Your spell library contained the following spells:

 Spells                   Type           Power      Damage    Failure   Level
 Summon Small Mammal      Summ           100%       N/A       1%          1
 Searing Ray              Conj           100%       2d8       1%          2
 Static Discharge         Conj/Air       98%        3-8/arc   1%          2
 Slow                     Hex            80%        N/A       2%          1
 Wereblood                Tmut           25%        N/A       2%          2
 Fulminant Prism          Conj/Hex       23%        3d12      2%          4
 Cigotuvi's Dreadful Rot  Necr/Pois/Air  46%        N/A       3%          2
 Ozocubu's Armour         Ice            20%        N/A       8%          3
 Airstrike                Air            12%        2d(2-18)  17%         4
 Manifold Assault         Tloc           25%        N/A       17%         4
 Summon Lightning Spire   Summ/Air       25%        N/A       17%         4
 Animate Dead             Necr           20%        N/A       26%         4
 Dispersal                Tloc           12%        N/A       95%         6
 Haunt                    Necr/Summ      11%        N/A       100%        7
 Ozocubu's Refrigeration  Ice            10%        4d9       100%        7
 Disjunction              Tloc           12%        N/A       100%        8
 Infestation              Necr           10%        N/A       100%        8


Dungeon Overview and Level Annotations

Branches:
Dungeon (11/15)            Temple (1/1) D:6            Lair (0/5) D:10
    Orc (0/2) D:9

Altars:
Ashenzari
Cheibriados
Dithmenos
Elyvilon
Fedhas
Gozag
Hepliaklqana
Kikubaaqudgha
Makhleb
Nemelex Xobeh
Okawaru
Qazlal
Ru
Sif Muna
Trog
Uskayaw
Vehumet
Wu Jian
Xom
Yredelemnul
Zin
The Shining One

Shops:
D:8 ?   D:10 [[(!

Annotations:
D:6 3 runed translucent doors, horus123's ghost, novice HOFi


Message History

You hit the centaur warrior zombie.
The centaur warrior zombies shudder.
The centaur warrior zombie is heavily damaged.
The centaur warrior zombie is lightly damaged.
The centaur warrior zombie is heavily damaged.
The centaur warrior zombie hits you.
The centaur warrior zombie kicks you but does no damage.
The centaur warrior zombie completely misses you.
The centaur warrior zombie kicks you but does no damage.
The centaur warrior zombie hits you.
* * * LOW HITPOINT WARNING * * *
The centaur warrior zombie kicks you.
* * * LOW HITPOINT WARNING * * *
Casting: Blink (safe; 2% risk of failure)
Confirm with . or Enter, or press ? or * to list all spells.
You erupt in a fountain of uncontrolled magic!
The centaur warrior zombie is blasted with magical radiation!!
The centaur warrior zombie is almost destroyed.
The centaur warrior zombie is blasted with magical radiation!!
The centaur warrior zombie is moderately damaged.
You are very lightly contaminated with residual magic.
The centaur warrior zombie closely misses you.
The centaur warrior zombie kicks you but does no damage.
The centaur warrior zombie hits you!
* * * LOW HITPOINT WARNING * * *
The centaur warrior zombie kicks you but does no damage.
Unknown command.
Casting: Irradiate (dangerous; 6% risk of failure)
Confirm with . or Enter, or press ? or * to list all spells.
You are still too unstable to blink.
The centaur warrior zombie attacks as it pursues you!
The centaur warrior zombie hits you.
* * * LOW HITPOINT WARNING * * *
The centaur warrior zombie kicks you but does no damage.
The centaur warrior zombie attacks as it pursues you!
The centaur warrior zombie barely misses you.
The centaur warrior zombie closely misses you.
The centaur warrior zombie hits you but does no damage.
The centaur warrior zombie completely misses you.
The centaur warrior zombie hits you.
You die...

##.~~~~P# #.~~~~.#
#.~~~..## ######.
#.P.~...# ###......
###.###.# #.P~...#
#.....# #.~~~~.# #####.#
#.~~~.P# #.# #.~~~~.#
#.# #@Z~~..### #.#
#.Z~...... #####.#
###..##... #.....# #(##
. ##.....# #.#
#...#..#######.#####.
#...#................#
###.#.###.#.####.####..#
#...#.....#.# ..#


You could see 2 centaur warrior zombies.

Vanquished Creatures
  Erica (D:7)
  A two-headed ogre (D:9)
  A cyclops (D:11)
  3 centaur zombies (D:11)
  2 gargoyles
  Maggie (D:7)
  2 tengu conjurers (D:10)
  Prince Ribbit (D:8)
  The ghost of Sheldon the Conjurer, an amateur HuCj (D:3)
  Sigmund (D:3)
  A shadow (D:11)
  2 wyverns (D:8)
  A wraith (D:11)
  19 yaks
  Menkaure (D:5)
  4 sky beasts (D:7)
  A black bear (D:6)
  4 orc warriors
  3 centaurs
  2 kobold brigands (D:9)
  A gnoll sergeant (D:9)
  2 bullfrogs
  2 scorpions
  13 wights
  6 killer bees
  7 howler monkeys
  3 quasits (D:5)
  4 hounds
  5 orc priests
  A gnoll bouda (D:8)
  2 jellies
  An iguana (D:5)
  Ijyb (D:5)
  16 orc wizards
  Terence (D:3)
  16 gnolls
  10 adders
  A white imp (D:8)
  A worm (D:4)
  2 dart slugs (D:1)
  41 orcs
  5 bats
  11 endoplasms
  A giant cockroach (D:4)
  10 goblins
  10 hobgoblins
  16 kobolds
  5 quokkas
  9 ball pythons
  2 frilled lizards
  6 rats
263 creatures vanquished.

Vanquished Creatures (collateral kills)
  A two-headed ogre (D:9)
  Robin (D:3)
2 creatures vanquished.

Grand Total: 265 creatures vanquished

Notes
Turn   | Place    | Note
-------+----------+-------------------------------------------
     0 | D:1      | pokeman the Deep Elf Hedge Wizard began the quest for the
                  | Orb.
     0 | D:1      | Reached XP level 1. HP: 10/10 MP: 7/7
   337 | D:1      | Reached XP level 2. HP: 16/16 MP: 6/9
  1002 | D:1      | Found a faded altar of an unknown god.
  1013 | D:1      | Reached skill level 5 in Spellcasting
  1337 | D:2      | Reached XP level 3. HP: 19/20 MP: 5/11
  1341 | D:2      | Learned a level 3 spell: Mephitic Cloud
  1344 | D:2      | Learned a level 2 spell: Call Imp
  1347 | D:2      | Learned a level 2 spell: Blink
  2008 | D:3      | Reached skill level 1 in Fighting
  2008 | D:3      | Reached skill level 1 in Armour
  2208 | D:3      | Found a runed translucent door.
  2211 | D:3      | Noticed Sheldon's ghost (amateur HuCj)
  2231 | D:3      | Noticed Sigmund
  2234 | D:3      | Reached XP level 4. HP: 25/25 MP: 10/13
  2283 | D:3      | Killed Sigmund
  2284 | D:3      | Reached skill level 5 in Conjurations
  2284 | D:3      | Reached XP level 5. HP: 22/29 MP: 6/15
  2422 | D:3      | Reached XP level 6. HP: 34/34 MP: 2/16
  2719 | D:3      | Noticed Terence
  2734 | D:3      | Killed Terence
  2836 | D:3      | Noticed Robin
  2883 | D:3      | Killed Robin
  2884 | D:3      | Reached skill level 6 in Spellcasting
  2989 | D:3      | Learned a level 5 spell: Irradiate
  3362 | D:4      | Found a shimmering altar of Xom.
  3599 | D:4      | Found a sacrificial altar of Ru.
  3765 | D:4      | Reached skill level 1 in Evocations
  3843 | D:4      | Found a hide-covered altar of Uskayaw.
  4198 | D:5      | Entered Level 5 of the Dungeon
  4328 | D:5      | Reached skill level 1 in Transmutations
  4328 | D:5      | Reached skill level 1 in Poison Magic
  4328 | D:5      | Reached XP level 7. HP: 38/38 MP: 13/18
  4360 | D:5      | Noticed Ijyb
  4380 | D:5      | Noticed Menkaure
  4426 | D:5      | Reached skill level 1 in Air Magic
  4454 | D:5      | Killed Menkaure
  4455 | D:5      | Reached skill level 7 in Spellcasting
  4590 | D:5      | Killed Ijyb
  4668 | D:5      | Found a white marble altar of Elyvilon.
  4670 | D:5      | Found a burning altar of Makhleb.
  5229 | D:5      | Reached skill level 8 in Spellcasting
  5560 | D:6      | Reached XP level 8. HP: 41/42 MP: 17/22
  5629 | D:6      | Found a runed translucent gate.
  5629 | D:6      | Found a runed translucent gate.
  5630 | D:6      | Found a runed translucent gate.
  5635 | D:6      | Noticed horus123's ghost (novice HOFi)
  5919 | D:6      | Found a staircase to the Ecumenical Temple.
  5933 | Temple   | Entered the Ecumenical Temple
  6089 | D:6      | Reached skill level 9 in Spellcasting
  6724 | D:7      | Reached skill level 10 in Spellcasting
  6873 | D:7      | Noticed Maggie
  7132 | D:7      | Killed Maggie
  7133 | D:7      | Reached XP level 9. HP: 47/50 MP: 6/25
  7516 | D:7      | Reached skill level 11 in Spellcasting
  7716 | D:3      | Killed Sheldon's ghost
  7830 | D:8      | Noticed Erica
  7861 | D:7      | Killed Erica
  7862 | D:7      | Reached skill level 12 in Spellcasting
  8309 | D:8      | Noticed Prince Ribbit
  8324 | D:8      | Killed Prince Ribbit
  8612 | D:8      | Reached skill level 13 in Spellcasting
  8612 | D:8      | Reached XP level 10. HP: 54/56 MP: 23/29
  9268 | D:8      | Found Saisoulo's Magic Scroll Boutique.
  9271 | D:8      | Bought a scroll of teleportation for 45 gold pieces
  9271 | D:8      | Bought a scroll of blinking for 112 gold pieces
  9271 | D:8      | Bought a scroll of teleportation for 45 gold pieces
  9271 | D:8      | Bought a scroll of identify for 30 gold pieces
  9271 | D:8      | Bought a scroll of identify for 30 gold pieces
  9271 | D:8      | Bought a scroll of noise for 15 gold pieces
  9468 | D:9      | Identified the "Unnaez"
  9946 | D:9      | Found the +6 shillelagh "Devastator" {shatter}
  9948 | D:9      | Noticed a two-headed ogre
  9948 | D:9      | Noticed a gargoyle
  9948 | D:9      | Noticed a two-headed ogre
  9954 | D:9      | Killed a gargoyle
  9955 | D:9      | Reached skill level 14 in Spellcasting
  9958 | D:9      | Killed a two-headed ogre
  9977 | D:9      | Killed a two-headed ogre
 10156 | D:9      | Reached skill level 15 in Spellcasting
 10156 | D:9      | Reached skill level 10 in Conjurations
 10274 | D:9      | Found a staircase to the Orcish Mines.
 10567 | D:9      | Found a bloodstained altar of Trog.
 10910 | D:10     | Identified the of Lexof
 10910 | D:10     | Identified the "Eqios"
 10910 | D:10     | Entered Level 10 of the Dungeon
 10937 | D:10     | Reached XP level 11. HP: 52/60 MP: 18/32
 10938 | D:10     | Reached skill level 5 in Fighting
 11356 | D:10     | Found a staircase to the Lair.
 11377 | D:10     | Reached skill level 16 in Spellcasting
 11477 | D:10     | Found Ahyforic's Antique Armour Shoppe.
 11489 | D:10     | Found Cucu's Weapon Shop.
 11506 | D:10     | Found Jaxzeg's Distillery.
 11517 | D:10     | Bought a potion of curing for 39 gold pieces
 11517 | D:10     | Bought a potion of curing for 39 gold pieces
 11613 | D:10     | Found a shimmering blue altar of Sif Muna.
 11632 | D:10     | Found an ancient bone altar of Kikubaaqudgha.
 11641 | D:10     | Found a radiant altar of Vehumet.
 11646 | D:10     | Became a worshipper of Vehumet
 11705 | D:10     | Found Seckiri's Antique Armour Boutique.
 12159 | D:11     | HP: 1/64 [centaur warrior zombie (4)]
 12159 | D:11     | Slain by a centaur warrior zombie

Illustrated notes

Levels and vault maps discovered:
D:1:      dpeg_arrival_ternary, layout_rooms, serial_rivers,
          chequers_serial_rivers_micro_d, chequers_serial_rivers_micro_d,
          chequers_serial_rivers_micro_a, chequers_serial_rivers_small_b,
          chequers_serial_rivers_small_b,
          chequers_ecumenical_altar_simple_redux, serial_bayou_pond_e
D:2:      layout_loops_cross, serial_bayou_lagoon_a
D:3:      layout_basic, ebering_ghost_reflecting_pool, uniq_robin, uniq_sigmund,
          uniq_terence
D:4:      layout_basic, mainiacjoe_overflow_catwalk, old_standard_altar,
          marbit_many_paths, chequers_serial_rivers_micro_b
D:5:      cheibrodos_quashed, layout_loops_cross,
          mainiacjoe_overflow_divided_tiny, minmay_misc_feat_room, uniq_ijyb,
          uniq_menkaure
D:6:      layout_basic, minmay_temple_entry_offerings,
          gammafunk_ghost_necromancy
D:7:      layout_loops_ring, uniq_maggie
D:8:      layout_basic, serial_shops, nicolae_shop_rolled_up,
          uniq_prince_ribbit1, uniq_erica
D:9:      layout_small_grid, mainiacjoe_overflow_small_starburst,
          hiddenorc1_lemuel, dilly_guarded_unrand_devastator
D:10:     layout_cave_pools, palyth_temple_overflow_mages, lair_entry_dummy,
          serial_shops, nicolae_shop_waterfront, shop,
          nicolae_shop_tiny_waterfront, shop
D:11:     layout_loops_ring, serial_undead, serial_undead_a, serial_undead_f,
          serial_undead_f, serial_undead_b, serial_undead_f, serial_undead_f,
          hangedman_abyss_or_decor_stabs, grunt_ministairs_4
Temple:   nicolae_temple_god_jail

Skill      XL: |  1  2  3  4  5  6  7  8  9 10 11 |
---------------+----------------------------------+-----
Spellcasting   | 5 6 8 10 13 15 16 | 16.7
Fighting       | 1 2 3 4 6 |  6.0
Armour         | 1 2 4 |  4.0
Conjurations   | 2 5 6 7 8 10 11 | 11.0
Stealth        | 3 |  3.0
Dodging        | 3 |  3.0
Evocations     | 1 |  1.0
Transmutations | 1 |  1.0
Poison Magic   | 1 |  1.0
Air Magic      | 1 |  1.0
Summonings     | |  1.1
Translocations | |  1.1

Action                     |  1- 3 |  4- 6 |  7- 9 | 10-12 || total
---------------------------+-------+-------+-------+-------++-------
  Melee: Dagger            |     2 |    53 |   123 |    54 ||   232
         Punch             |       |     2 |     2 |     1 ||     5
         Whip              |       |       |    30 |       ||    30
         Shillelagh        |       |       |       |   101 ||   101
   Cast: Magic Dart        |    92 |   132 |   192 |    45 ||   461
         Mephitic Cloud    |       |     5 |    30 |    38 ||    73
         Call Imp          |       |     2 |     6 |     4 ||    12
         Blink             |       |       |     7 |     4 ||    11
         Irradiate         |       |       |     9 |    10 ||    19
  Evoke: Wand              |       |       |       |     1 ||     1
   Stab: Confused          |       |     7 |    20 |    10 ||    37
         Sleeping          |       |       |       |     1 ||     1
 Armour: Robe              |    14 |    23 |    78 |   150 ||   265
  Dodge: Dodged            |    15 |    41 |    74 |   145 ||   275

Table legend: (Time is in decaauts)
 A = Elapsed time spent in this place.
 B = Non-inter-level travel time spent in this place.
 C = Inter-level travel time spent in this place.
 D = Time resting spent in this place.
 E = Time spent auto-exploring this place.
 F = Levels seen in this place.
 G = Mean time per level.
                   A        B        C        D        E       F      G
               +--------+--------+--------+--------+--------+-----+--------+
         Total |  12218 |  11656 |    562 |    509 |   9186 |  12 | 1018.2 |
       Dungeon |  12216 |  11654 |    562 |    509 |   9186 |  11 | 1110.5 |
        Temple |      1 |      1 |      0 |      0 |      0 |   1 |    1.0 |
               +--------+--------+--------+--------+--------+-----+--------+

Top non-repeatable levels by time:
     D:5: 1549 daAuts
     D:8: 1511 daAuts
     D:7: 1443 daAuts
     D:9: 1338 daAuts
     D:1: 1177 daAuts
     D:3: 1164 daAuts
     D:4: 1147 daAuts
     D:6: 957 daAuts
    D:10: 836 daAuts
     D:2: 824 daAuts
    D:11: 265 daAuts
  Temple: 1 daAuts
